 Dungeon Crawl Stone Soup version 0.23-a0-714-g00c90a0c22 (webtiles) character file.

85017 Hercules1031 the Blocker (level 16, -6/132 HPs)
             Began as a Formicid Fighter on Jan 16, 2019.
             Was the Champion of Cheibriados.
             Mangled by Asterion
             ... wielding a +3 demon trident of electrocution
              (19 damage)
             ... on level 4 of the Spider Nest.
             The game lasted 01:02:29 (18915 turns).

Hercules1031 the Blocker (Formicid Fighter)        Turns: 18915, Time: 01:02:30

Health: -6/132     AC: 27    Str: 53    XL:     16   Next: 29%
Magic:  16/16      EV: 29    Int: 25    God:    Cheibriados [******]
Gold:   1527       SH: 26    Dex: 20    Spells: 15/15 levels left

rFire    + . .     SeeInvis +   D - +6 hand axe "Coumiv" {flame, rC+ Str+4 Dex-5}
rCold    + . .     Gourm    .   g - +0 large shield
rNeg     . . .     Faith    .   M - +4 plate armour "Soudd" {rF+}
rPois    +         Spirit   .   (helmet unavailable)
rElec    .         Reflect  .   L - +2 cloak
rCorr    .         Harm     .   l - +2 pair of gloves {Str+3}
MR       ++...                  (no boots)
Stlth    ..........             y - amulet of the acrobat
HPRegen  0.32/turn              k - +6 ring of evasion
MPRegen  0.15/turn              I - +5 ring of evasion

@: mighty, very slow
A: permanent stasis, dig shafts and tunnels, four strong arms, antennae 3,
camouflage 1, magic resistance 1, poison resistance, MP-powered wands
a: Dig, Shaft Self, Bend Time, Temporal Distortion, Slouch, Step From Time,
Renounce Religion


You were on level 4 of the Spider Nest.
You worshipped Cheibriados.
Cheibriados was exalted by your worship.
You were very full.

You visited 3 branches of the dungeon, and saw 18 of its levels.
You also visited: Ossuary and Ice Cave.

You collected 1527 gold pieces.

Inventory:

Hand Weapons
 b - a +1 battleaxe of flaming
 s - a +6 hand axe
 u - a +2 battleaxe of freezing
 w - the cursed +0 rapier of Painful Death {pierce, rElec Str+4}
   (You found it on level 5 of the Dungeon)

   It inflicts extra damage upon your enemies.
   It affects your strength (+4).
   It insulates you from electricity.
   It has a curse placed upon it.
 z - a +4 falchion
 D - the +6 hand axe "Coumiv" (weapon) {flame, rC+ Str+4 Dex-5}
   (You found it on level 8 of the Dungeon)

   It has been specially enchanted to burn those struck by it, causing extra
   injury to most foes and up to half again as much damage against particularly
   susceptible opponents.
   Big, fiery blades are also staple armaments of hydra-hunters.
   It affects your strength (+4).
   It affects your dexterity (-5).
   It protects you from cold.
 O - a +2 demon blade of venom
 P - a +7 executioner's axe of chopping
 S - a +2 eveningstar of flaming
Armour
 c - a +0 shield
 g - a +0 large shield (worn)
 l - a +2 pair of gloves of strength (worn)
 m - a +0 helmet
 H - the +0 chain mail of the Crypt {Dex+4}
   (You found it on level 10 of the Dungeon)

   It affects your dexterity (+4).
 L - a +2 cloak (worn)
 M - the +4 plate armour "Soudd" (worn) {rF+}
   (You found it in an ice cave)

   It protects you from fire.
Jewellery
 a - an uncursed ring of ice
 h - an uncursed ring of protection from cold
 k - a +6 ring of evasion (left hand)
 x - an uncursed ring of ice
 y - an amulet of the acrobat (around neck)
 I - a +5 ring of evasion (right hand)
 N - an uncursed ring of stealth
 Q - an uncursed amulet of magic regeneration
Wands
 v - a wand of polymorph (5)
 A - a wand of digging (10)
 C - a wand of acid (9)
 E - a wand of flame (31)
 G - a wand of iceblast (16)
 J - a wand of paralysis (31)
Scrolls
 e - 5 scrolls of amnesia
 i - 2 scrolls of fear
 j - 11 scrolls of remove curse
 r - a scroll of fog
 F - 5 scrolls of magic mapping
Potions
 d - a potion of might
 n - 5 potions of cancellation
 o - 2 potions of magic
 p - a potion of invisibility
 q - 2 potions of lignification
 t - 3 potions of brilliance
 B - 5 potions of flight
 K - a potion of mutation
Comestibles
 f - 21 rations


   Skills:
 * Level 13.8 Fighting
 * Level 12.6 Axes
 * Level 13.7 Armour
 * Level 11.5 Dodging
 + Level 14.6 Shields


You had 15 spell levels left.
You didn't know any spells.
Your spell library contained the following spells:

 Spells                   Type           Power        Failure   Level  Hunger
 Magic Dart               Conj           #...         38%         1    ##.....
 Sandblast                Erth           #.....       38%         1    ##.....
 Sting                    Conj/Pois      #...         38%         1    ##.....
 Summon Small Mammal      Summ           #...         38%         1    ##.....
 Call Imp                 Summ           #.......     52%         2    ###....
 Passwall                 Tmut/Erth      #.......     52%         2    ###....
 Poisonous Vapours        Pois/Air       #.....       52%         2    ###....
 Slow                     Hex            #.......     52%         2    ###....
 Call Canine Familiar     Summ           #.......     77%         3    ####...
 Conjure Flame            Conj/Fire      #.......     77%         3    ####...
 Ignite Poison            Fire/Tmut/Pois #.......     77%         3    ####...
 Mephitic Cloud           Conj/Pois/Air  #.......     77%         3    ####...
 Stone Arrow              Conj/Erth      #.....       77%         3    ####...
 Summon Guardian Golem    Hex/Summ       #.......     77%         3    ####...
 Olgreb's Toxic Radiance  Pois           #.......     99%         4    #####..
 Petrify                  Tmut/Erth      #.......     99%         4    #####..
 Summon Ice Beast         Ice/Summ       #.......     99%         4    #####..
 Summon Lightning Spire   Summ/Air       #.......     99%         4    #####..
 Fireball                 Conj/Fire      #.........   100%        5    ######.
 Lee's Rapid Deconstruct  Erth           #.........   100%        5    ######.
 Venom Bolt               Conj/Pois      #.........   100%        5    ######.
 Bolt of Fire             Conj/Fire      #.........   100%        6    #######
 Ring of Flames           Chrm/Fire      #.........   100%        7    #######
 Ignition                 Fire           #.........   100%        8    #######
 Blink                    Tloc           Unusable     N/A         2    N/A

Dungeon Overview and Level Annotations

Branches:
Dungeon (11/15)            Temple (0/1) D:6            Lair (3/6) D:11
 Spider (4/4) Lair:3          Orc (0/2) D:11
  Swamp: Lair:2-4    Shoals: Lair:2-4

Altars:
Ashenzari
Cheibriados
Dithmenos
Elyvilon
Fedhas
Hepliaklqana
Nemelex Xobeh
Okawaru
Qazlal
Ru
Trog
Vehumet
The Shining One

Shops:
D:11 %

Annotations:
Spider:4 Asterion, Kirke


Innate Abilities, Weirdness & Mutations

You cannot be hasted, slowed, berserked, paralysed or teleported.
You can dig through walls and to a lower floor.
Your four strong arms can wield two-handed weapons with a shield.
You have a pair of large antennae on your head. (SInv)
Your skin changes colour to match your surroundings (Stealth+).
You are resistant to hostile enchantments. (MR+)
Your system is resistant to poisons. (rPois)
You expend magic power (3 MP) to strengthen your wands.


Message History

The hog pulls away from the web.
You slash Asterion! You burn Asterion.
Asterion is almost dead.
You slash the demonic crawler! You burn the demonic crawler.
A hog comes into view.
Asterion prays to Makhleb.
You block the demonic crawler's attack. The demonic crawler closely misses you.
You block the demonic crawler's attack. Asterion blocks your attack.
Asterion is almost dead.
The hog squeals angrily.
You slash the demonic crawler!
You kill the demonic crawler!
Cheibriados appreciates the change of pace.
You closely miss the cacodemon.
You hear an angry squeal.
The orb of destruction hits you!
* * * LOW HITPOINT WARNING * * *
Asterion hits you but does no damage.
You are electrocuted!
You die...

^.......%.....#^..°.....
....h...#.#..^....#†#†^#
^h...^....$.....(.†.†...
..$..^...............#..
.#^...)..#............^.
......^..ss.....#^......
......#@.○....^....)....
.......○○........^......
.....#2@..s........^....
......†H.........#^.#...
.......^.#............^<
......#...........#^....
..^.......^..^.....^....
###.........^###########
###.^....### ##....##
##^.#


You could see Asterion, Kirke, a cacodemon, 3 orb spiders and 2 hogs.

Vanquished Creatures
  Rupert (Lair:3)
  A frost giant (IceCv)
  An emperor scorpion (Spider:3)
  A ghost moth (Spider:3)
  5 entropy weavers
  2 spark wasps (Spider:3)
  Snorg (D:10)
  Fannar (Lair:1)
  Harold (D:7)
  7 hydras
  2 two-headed ogres
  A death yak (IceCv)
  Nergalle (D:10)
  An unseen horror (D:11)
  A deep elf mage (D:10)
  Pikel (D:5)
  An ugly thing (D:11)
  9 orb spiders
  24 wolf spiders
  A cyclops (D:11)
  2 moths of wrath
  A centaur zombie (D:11)
  An ice statue (IceCv)
  8 spiny frogs
  Joseph (D:7)
  A torpor snail (Spider:3)
  2 rime drakes (IceCv)
  14 demonic crawlers
  3 komodo dragons
  A troll (D:9)
  19 jumping spiders
  14 polar bears (IceCv)
  6 hornets
  8 blink frogs (Lair:3)
  2 hippogriffs (Lair:2)
  2 dream sheep (D:8)
  52 redbacks
  Sigmund (D:3)
  33 yaks
  28 tarantellas
  2 basilisks
  A hungry ghost (D:10)
  4 water moccasins
  4 ice beasts
  17 porcupines
  3 orc warriors
  3 sky beasts
  2 black bears
  A slave (D:5)
  2 necrophages
  2 ogres
  25 wolves
  2 centaurs (D:10)
  4 crocodiles
  12 bullfrogs
  4 big kobolds
  Blork the orc (D:4)
  3 gnoll sergeants
  A water moccasin skeleton (D:9)
  3 scorpions
  A wyvern skeleton (D:10)
  6 wights
  4 howler monkeys
  3 electric eels
  2 jellies
  A crimson imp (D:5)
  2 hounds
  A bullfrog skeleton (D:7)
  7 orc priests
  2 centaur skeletons
  10 orc wizards
  Terence (D:3)
  2 iguanas
  11 worker ants
  A killer bee zombie (D:9)
  2 hound skeletons
  8 mummies (Ossuary)
  A worker ant zombie (D:9)
  16 gnolls
  13 adders
  12 white imps (Lair:2)
  An adder zombie (D:5)
  3 worms
  3 dart slugs
  7 leopard geckos
  35 orcs
  9 giant cockroaches
  12 goblins
  10 hobgoblins
  19 jackals
  4 quokkas
  A ball python (D:1)
  5 bats
  2 frilled lizards
  A hobgoblin zombie (Ossuary)
  10 kobolds
  3 kobold zombies (Ossuary)
  A leopard gecko zombie (D:9)
  4 orc zombies (Ossuary)
  3 quokka zombies
  9 rats
  A fungus (Lair:3)
607 creatures vanquished.

Vanquished Creatures (collateral kills)
  A wolf spider (Spider:3)
  A moth of wrath (Spider:3)
  2 demonic crawlers (Spider:3)
  A redback (Spider:3)
5 creatures vanquished.

Vanquished Creatures (others)
  Louise (Spider:4)
  A jumping spider (Spider:4)
  A scorpion (D:5)
  7 fungi
  A plant (Lair:3)
11 creatures vanquished.

Grand Total: 623 creatures vanquished

Notes
Turn   | Place    | Note
-------+----------+-------------------------------------------
     0 | D:1      | Hercules1031 the Formicid Fighter began the quest for the
                  | Orb.
     0 | D:1      | Reached XP level 1. HP: 18/18 MP: 1/1
   134 | D:1      | Reached XP level 2. HP: 24/24 MP: 2/2
   609 | D:1      | Reached skill level 1 in Dodging
   627 | D:1      | Reached XP level 3. HP: 29/29 MP: 3/3
  1009 | D:2      | Gained mutation: Your muscles are strong. (Str +2) [potion
                  | of mutation]
  1009 | D:2      | Gained mutation: Your system is resistant to poisons.
                  | (rPois) [potion of mutation]
  1009 | D:2      | Gained mutation: You evolve. [potion of mutation]
  1009 | D:2      | Gained mutation: You have sharp toenails. [potion of
                  | mutation]
  1208 | D:2      | Found a sacrificial altar of Ru.
  1387 | D:2      | Reached skill level 4 in Shields
  1522 | D:2      | Reached XP level 4. HP: 22/37 MP: 4/4
  1855 | D:3      | Found a snail-covered altar of Cheibriados.
  2073 | D:3      | Became a worshipper of Cheibriados the Contemplative
  2093 | D:3      | Found a shadowy altar of Dithmenos.
  2521 | D:3      | Reached XP level 5. HP: 37/42 MP: 5/5
  2716 | D:3      | Noticed Terence
  2721 | D:3      | Killed Terence
  2763 | D:3      | Noticed Sigmund
  2772 | D:3      | Killed Sigmund
  2772 | D:3      | Reached XP level 6. HP: 29/49 MP: 6/6
  2924 | D:3      | Reached * piety under Cheibriados
  2965 | D:3      | Gained mutation: You have razor-sharp toenails. [evolution]
  3389 | D:4      | Reached skill level 5 in Shields
  3389 | D:4      | Reached XP level 7. HP: 54/55 MP: 7/7
  3546 | D:4      | Found a radiant altar of Vehumet.
  3776 | D:4      | Found a glowing golden altar of the Shining One.
  3867 | D:4      | Noticed Blork the orc
  3872 | D:4      | Killed Blork the orc
  3989 | D:4      | Found a shattered altar of Ashenzari.
  3990 | D:4      | Found a white marble altar of Elyvilon.
  3992 | D:4      | Found a glowing golden altar of the Shining One.
  4058 | D:5      | Entered Level 5 of the Dungeon
  4131 | D:5      | Reached skill level 5 in Fighting
  4178 | D:5      | Reached skill level 5 in Armour
  4183 | D:5      | Reached ** piety under Cheibriados
  4222 | D:5      | Reached XP level 8. HP: 62/62 MP: 8/8
  4400 | D:5      | Lost mutation: Your muscles are strong. (Str +2)
                  | [evolution]
  4576 | D:5      | Got an iridescent rapier
  4610 | D:5      | Identified the cursed +0 rapier of Painful Death {pierce,
                  | rElec Str+4} (You found it on level 5 of the Dungeon)
  4641 | D:5      | Found a stormy altar of Qazlal.
  4647 | D:5      | Noticed Pikel
  4662 | D:5      | Killed Pikel
  4662 | D:5      | Reached skill level 6 in Shields
  4663 | D:5      | Reached XP level 9. HP: 30/69 MP: 9/9
  4743 | D:5      | Reached skill level 5 in Axes
  5088 | D:6      | Lost mutation: You have razor-sharp toenails. [potion of
                  | mutation]
  5088 | D:6      | Lost mutation: You evolve. [potion of mutation]
  5088 | D:6      | Gained mutation: You evolve. [potion of mutation]
  5088 | D:6      | Gained mutation: You are resistant to hostile enchantments.
                  | (MR+) [potion of mutation]
  5088 | D:6      | Gained mutation: Your skin changes colour to match your
                  | surroundings (Stealth+). [potion of mutation]
  5208 | D:6      | Found a sand-covered staircase.
  5269 | Ossuary  | Entered an ossuary
  5277 | Ossuary  | Reached *** piety under Cheibriados
  5285 | Ossuary  | Reached skill level 7 in Shields
  5642 | D:6      | Found a blossoming altar of Fedhas.
  5726 | D:6      | Found a staircase to the Ecumenical Temple.
  5906 | D:7      | Reached skill level 5 in Dodging
  6013 | D:7      | Gained mutation: You expend magic power (3 MP) to
                  | strengthen your wands. [evolution]
  6267 | D:7      | Noticed Joseph
  6285 | D:7      | Killed Joseph
  6458 | D:7      | Found a sparkling altar of Nemelex Xobeh.
  6486 | D:7      | Reached XP level 10. HP: 79/79 MP: 10/10
  6635 | D:7      | Reached **** piety under Cheibriados
  6666 | D:7      | Noticed Harold
  6689 | D:7      | Killed Harold
  6689 | D:7      | Reached skill level 8 in Shields
  6841 | D:8      | Noticed a two-headed ogre
  6846 | D:8      | Killed a two-headed ogre
  6872 | D:8      | Found a bloodstained altar of Trog.
  7061 | D:8      | Lost mutation: You have sharp toenails. [evolution]
  7402 | D:8      | Got a shimmering hand axe
  7403 | D:8      | Identified the +6 hand axe "Coumiv" {flame, rC+ Str+4
                  | Dex-5} (You found it on level 8 of the Dungeon)
  7586 | D:8      | Reached skill level 9 in Shields
  7613 | D:8      | Noticed a three-headed hydra
  7618 | D:8      | Killed a one-headed hydra
  7618 | D:8      | Reached XP level 11. HP: 68/87 MP: 11/11
  8140 | D:9      | Found an iron altar of Okawaru.
  8205 | D:9      | Reached ***** piety under Cheibriados
  8441 | D:9      | Found a hazy altar of Hepliaklqana.
  8730 | D:9      | Lost mutation: You evolve. [end of evolution]
  8744 | D:10     | Entered Level 10 of the Dungeon
  8745 | D:10     | Noticed a deep elf mage
  8750 | D:10     | Killed a deep elf mage
  8764 | D:10     | Got a faintly glowing chain mail
  8765 | D:10     | Identified the +0 chain mail of the Crypt {Dex+4} (You
                  | found it on level 10 of the Dungeon)
  8813 | D:10     | Noticed Nergalle
  8831 | D:10     | Killed Nergalle
  8882 | D:10     | Reached skill level 10 in Shields
  9049 | D:10     | Noticed Snorg
  9071 | D:10     | Killed Snorg
  9574 | D:10     | Noticed a two-headed ogre
  9582 | D:10     | Killed a two-headed ogre
  9582 | D:10     | Reached XP level 12. HP: 96/96 MP: 12/12
 10162 | D:11     | Found a staircase to the Lair.
 10303 | D:11     | Found a staircase to the Orcish Mines.
 10447 | D:11     | Noticed an unseen horror
 10454 | D:11     | Killed an unseen horror
 10454 | D:11     | Reached skill level 10 in Fighting
 10454 | D:11     | Reached skill level 10 in Armour
 10594 | D:11     | Found Xestuc's Food Shop.
 10793 | Lair:1   | Entered Level 1 of the Lair of Beasts
 10853 | Lair:1   | Reached ****** piety under Cheibriados
 10870 | Lair:1   | Reached skill level 11 in Shields
 10899 | Lair:1   | Noticed a seven-headed hydra
 10911 | Lair:1   | Killed a three-headed hydra
 11231 | Lair:1   | Noticed Fannar
 11254 | Lair:1   | Killed Fannar
 11720 | Lair:2   | Reached XP level 13. HP: 104/104 MP: 13/13
 11857 | Lair:2   | Noticed a six-headed hydra
 11866 | Lair:2   | Killed a one-headed hydra
 11877 | Lair:2   | Found a frozen archway.
 11898 | IceCv    | Entered an ice cave
 12348 | IceCv    | Reached skill level 10 in Axes
 12348 | IceCv    | Reached skill level 12 in Shields
 12691 | IceCv    | Noticed a frost giant
 12720 | IceCv    | Killed a frost giant
 12782 | IceCv    | Got a jacinth-encrusted plate armour
 12783 | IceCv    | Identified the +4 plate armour "Soudd" {rF+} (You found it
                  | in an ice cave)
 13522 | Lair:2   | Noticed a seven-headed hydra
 13527 | Lair:2   | Killed a four-headed hydra
 13635 | Lair:2   | Reached XP level 14. HP: 114/114 MP: 14/14
 14293 | Lair:3   | Found a hole to the Spider Nest.
 14379 | Lair:3   | Noticed Rupert
 14404 | Lair:3   | Killed Rupert
 14517 | Lair:3   | Reached skill level 10 in Dodging
 14517 | Lair:3   | Reached skill level 13 in Shields
 14795 | Spider:1 | Entered Level 1 of the Spider Nest
 15966 | Spider:2 | Noticed an entropy weaver
 15984 | Spider:2 | Killed an entropy weaver
 15995 | Spider:2 | Reached XP level 15. HP: 61/122 MP: 15/15
 17246 | Spider:3 | Reached skill level 14 in Shields
 17848 | Spider:3 | Noticed an emperor scorpion
 17883 | Spider:3 | Killed an emperor scorpion
 18540 | Spider:3 | Got a fine leather armour
 18541 | Spider:3 | Identified a scroll of acquirement
 18558 | Spider:3 | Identified the cursed +1 leather armour of the Hidden Vale
                  | {rPois rC+} (You found it on level 3 of the Spider Nest)
 18628 | Spider:4 | Entered Level 4 of the Spider Nest
 18637 | Spider:4 | Noticed a ghost moth
 18650 | Spider:3 | Reached XP level 16. HP: 112/131 MP: 16/16
 18825 | Spider:4 | Noticed Louise
 18850 | Spider:4 | Killed Louise
 18893 | Spider:4 | Noticed Asterion
 18904 | Spider:4 | Noticed Kirke
 18915 | Spider:4 | Mangled by Asterion

Vault maps used:
D:1:      lightli_arrival_chessboard, hangedman_decor_clover_reticule,
          chequers_serial_rivers_micro_e
D:2:      nicolae_ru_path_of_blood, cheibrodos_gnoll_hut
D:3:      cheibrodos_greedy_goblins, cheibriados_altar_1, marbit_many_paths,
          uniq_terence, uniq_sigmund
D:4:      lemuel_coloured_pillars_altar, minitemple, first_ration,
          tso_metal_star, uniq_blork_the_orc
D:5:      old_standard_altar, chequers_serial_rivers_micro_a,
          minmay_increasing_density, uniq_pikel
D:6:      nicolae_overflow_crystal_walls, minmay_temple_entry_statues_pillars,
          enter_ossuary_4, hangedman_decor_peaks_small, minmay_tree_intersection
D:7:      nemelex_altar_shiori, uniq_harold, uniq_joseph
D:8:      nicolae_overflow_hidden_temple, hangedman_ranch, minmay_misc_feat_five
D:9:      okawaru_metal_pillars_3, lemuel_crystal_altar, columned_hall_lemuel
D:10:     uniq_nergalle, uniq_snorg
D:11:     grunt_lair_entry_orc_guard_hut, david_orc_3, serial_shops, shop
Lair:1:   uniq_fannar
Lair:2:   wad_woods_structure_01, portal_ice_cave_entry_imps,
          beast_lair_carwin_8
Lair:3:   spider_nest_entry_web_field, chequers_serial_rivers_micro_d,
          serial_bayou_shore_a, uniq_rupert
Spider:1: hangedman_spider_trapstep
Spider:2: nicolae_spider_cling_ruins
Spider:3: nicolae_spider_nook
Spider:4: guppyfry_spider_rune, uniq_kirke, uniq_louise, uniq_asterion
Ossuary:  ossuary_tomb_3
IceCv:    ice_cave_caverns_03

Skill      XL: |  1  2  3  4  5  6  7  8  9 10 11 12 13 14 15 |
---------------+----------------------------------------------+-----
Dodging        | 1 2 3 4 5 6 7 8 9 10 11 | 11.5
Shields        | 4 5 6 7 9 10 11 12 13 14 | 14.6
Fighting       | 4 5 6 7 8 9 10 11 12 13 | 13.8
Axes           | 3 4 6 7 8 9 10 11 12 | 12.6
Armour         | 4 5 7 8 9 10 11 12 13 | 13.7

Action                   |  1- 3 |  4- 6 |  7- 9 | 10-12 | 13-15 | 16-18 || total
-------------------------+-------+-------+-------+-------+-------+-------++-------
Melee: War axe           |   107 |    50 |       |       |       |       ||   157
       Kick              |    10 |    24 |    90 |    28 |       |       ||   152
       Hand axe          |       |    24 |   238 |   481 |  1021 |    97 ||  1861
  Use: Potion            |     5 |       |     8 |     1 |    19 |     2 ||    35
       Scroll            |       |       |    19 |     9 |     9 |       ||    37
 Stab: Invisible         |       |       |       |       |     5 |       ||     5
  Eat: Ration            |     1 |     4 |       |     3 |     4 |     2 ||    14
Armor: Scale mail        |    43 |    27 |    11 |       |       |       ||    81
       Chain mail        |       |       |    39 |       |       |       ||    39
       Plate armour      |       |       |    34 |    64 |   202 |    52 ||   352
Dodge: Dodged            |    61 |    36 |   149 |   341 |   929 |   199 ||  1715
Block: Shield            |    23 |       |    19 |   327 |       |       ||   369
       Buckler           |    13 |    14 |    59 |       |       |       ||    86
       Large shield      |       |       |       |   105 |  1645 |   270 ||  2020

Table legend:
 A = Non-vault XP
 B = Vault XP
 C = Vault XP percentage of total XP
 D = Non-vault monster count
 E = Vault monster count
 F = Vault count percentage of total count
                 A         B        C        D         E       F
            +---------+---------+-------+---------+---------+-------
      Total |   86101 |   35352 |  29.1 |     450 |     163 |  26.6
            +---------+---------+-------+---------+---------+-------
        D:1 |      34 |       0 |   0.0 |      23 |       0 |   0.0
        D:2 |      28 |      18 |  39.1 |      13 |       3 |  18.8
        D:3 |     121 |     283 |  70.0 |      19 |      15 |  44.1
        D:4 |     204 |      91 |  30.8 |      16 |       1 |   5.9
        D:5 |     536 |     842 |  61.1 |      18 |       7 |  28.0
        D:6 |     590 |       2 |   0.3 |      18 |       2 |  10.0
        D:7 |     812 |    1427 |  63.7 |      26 |       2 |   7.1
        D:8 |    1452 |    2164 |  59.8 |      13 |       8 |  38.1
        D:9 |    1572 |       0 |   0.0 |      49 |       0 |   0.0
       D:10 |    3986 |    1952 |  32.9 |      24 |       2 |   7.7
       D:11 |    3183 |     595 |  15.7 |      15 |       8 |  34.8
     Lair:1 |    4878 |    1002 |  17.0 |      23 |       1 |   4.2
     Lair:2 |    5517 |    2948 |  34.8 |      20 |      26 |  56.5
     Lair:3 |    7593 |    2686 |  26.1 |      24 |       1 |   4.0
   Spider:1 |    8665 |    1497 |  14.7 |      28 |       6 |  17.6
   Spider:2 |    9847 |    1208 |  10.9 |      27 |       2 |   6.9
   Spider:3 |   33189 |    4241 |  11.3 |      84 |      12 |  12.5
   Spider:4 |    3894 |    2105 |  35.1 |      10 |       3 |  23.1
    Ossuary |       0 |     150 | 100.0 |       0 |      16 | 100.0
      IceCv |       0 |   12141 | 100.0 |       0 |      48 | 100.0
            +---------+---------+-------+---------+---------+-------
